 Dungeon Crawl Stone Soup version 0.28.0 (webtiles) character file.

Game seed: 17034762773030908316

1831 themarg the Grasshopper (level 9, -6/66 HPs)
             Began as a Gnoll Wanderer on Feb 6, 2022.
             Was an Initiate of Hepliaklqana.
             Mangled by a gnoll sergeant (9 damage)
             ... on level 6 of the Dungeon on Feb 7, 2022.
             The game lasted 00:37:48 (7102 turns).

themarg the Grasshopper (Gnoll Wanderer)            Turns: 7102, Time: 00:37:49

Health: -6/66      AC:  8    Str:  9 (10) XL:     9   Next: 11%
Magic:  16/16      EV: 11    Int: 13 (14) God:    Hepliaklqana [......]
Gold:   62         SH:  0    Dex: 14 (15) Spells: 16/17 levels left

rFire   . . .      SeeInvis .   k - +5 flail of Psychosis {vorpal, rPois}
rCold   . . .      Faith    .   (no shield)
rNeg    . . .      Spirit   .   r - +0 ring mail
rPois   +          Reflect  .   b - +0 helmet
rElec   .          Harm     .   (no cloak)
rCorr   .          Rampage  .   m - +0 pair of gloves
Will    .....                   (no boots)
Stlth   ++........              (no amulet)
HPRegen 0.21/turn               (no ring)
MPRegen 0.15/turn               (no ring)

@: about to teleport
A: fangs 1, strong nose, distributed training
a: Renounce Religion


You were on level 6 of the Dungeon.
You worshipped Hepliaklqana.
Hepliaklqana was noncommittal.
You visited 2 branches of the dungeon, and saw 7 of its levels.

You collected 317 gold pieces.
You spent 255 gold pieces at shops.

Inventory:

Hand Weapons
 a - a +0 falchion
 e - a +2 spear of venom
 k - the +5 flail of Psychosis (weapon) {vorpal, rPois}
   (You found it on level 2 of the Dungeon)

   It inflicts extra damage upon your enemies.
   rPois:     It protects you from poison.
 u - a +3 short sword
 A - the +5 flail "Muiq" {vorpal, Int+2}
   (You bought it in a shop on level 5 of the Dungeon)

   It inflicts extra damage upon your enemies.
   Int:       It affects your intelligence (+2).
Armour
 b - a +0 helmet (worn)
 c - a +0 robe
 m - a +0 pair of gloves (worn)
 q - a +0 leather armour
 r - a +0 ring mail (worn)
 s - a +0 chain mail
Wands
 t - a wand of mindburst (14)
Scrolls
 d - a scroll of identify
 j - 2 scrolls of magic mapping
 n - 2 scrolls of fog {unknown}
 v - a scroll of brand weapon {unknown}
 w - a scroll of blinking {unknown}
 x - 3 scrolls of teleportation
 y - 2 scrolls of silence
Potions
 f - 3 potions of attraction
 g - 2 potions of flight
 h - a potion of curing
 p - 3 potions of degeneration


   Skills:
 + Level 4.7 Fighting
 + Level 3.9 Short Blades
 + Level 6.1 Long Blades
 + Level 3.9 Axes
 + Level 3.9 Maces & Flails
 + Level 3.9 Polearms
 + Level 3.9 Staves
 + Level 3.9 Slings
 + Level 3.9 Bows
 + Level 3.9 Crossbows
 + Level 3.9 Throwing
 + Level 3.9 Armour
 + Level 4.7 Dodging
 + Level 5.8 Stealth
 + Level 3.9 Shields
 + Level 3.9 Unarmed Combat
 + Level 4.9 Spellcasting
 + Level 3.2 Conjurations
 + Level 3.2 Hexes
 + Level 3.2 Summonings
 + Level 3.2 Necromancy
 + Level 6.4 Translocations
 + Level 3.2 Transmutations
 + Level 3.2 Fire Magic
 + Level 3.2 Ice Magic
 + Level 3.2 Air Magic
 + Level 3.2 Earth Magic
 + Level 3.2 Poison Magic
 + Level 4.3 Invocations
 + Level 3.9 Evocations


You had 16 spell levels left.
You knew the following spells:

 Your Spells              Type           Power      Damage    Failure   Level
a - Apportation           Tloc           38%        N/A       3%          1

Your spell library contained the following spells:

 Spells                   Type           Power      Damage    Failure   Level
 Portal Projectile        Hex/Tloc       30%        N/A       21%         3
 Passage of Golubria      Tloc           19%        N/A       34%         4
 Alistair's Intoxication  Tmut/Pois      7%         N/A       98%         5


Dungeon Overview and Level Annotations

Branches:
Dungeon (6/15)             Temple (1/1) D:4

Altars:
Dithmenos
Elyvilon
Fedhas
Gozag
Hepliaklqana
Okawaru
Ru
Sif Muna
Trog
Uskayaw
Vehumet
Wu Jian
Yredelemnul
Zin
The Shining One
Lugonu

Shops:
D:5 (

Annotations:
D:4 3 runed translucent doors, PoweredByGinger's ghost, amateur DsGl
D:5 exclusion: angel
D:6 1 runed translucent door, exclusion: player ghost, Bearnado's ghost, novice MiBe; Pikel


Innate Abilities, Weirdness & Mutations

You have very sharp teeth.
Your uncanny sense of smell can sniff out nearby items.
Your experience applies equally to all skills.


Message History

The howler monkey hoots and howls with incredible vigour!
You hear an angry growl.
You hit the gnoll sergeant.
The gnoll sergeant is moderately wounded.
The gnoll hits you with a +0 whip.
The howler monkey hoots and howls with incredible vigour!
The gnoll sergeant completely misses you.
The gnoll hits you with a +0 whip.
You closely miss the gnoll sergeant.
The gnoll sergeant is moderately wounded.
The gnoll sergeant hits you with a +0 spear!
The gnoll hits you with a +0 whip.
You hit the gnoll sergeant but do no damage.
The gnoll sergeant is moderately wounded.
The gnoll sergeant hits you with a +0 spear!
* * * LOW HITPOINT WARNING * * *
The gnoll misses you.
The gnoll sergeant hits you with a +0 spear.
* * * LOW HITPOINT WARNING * * *
Aiming: Mindburst
Press: ? - help, Shift-Dir - straight line, f - gnoll sergeant
Aim: a gnoll sergeant, wielding a +0 spear and wearing a +0 scale mail (moderately wounded, chance to affect: 78%)
The gnoll sergeant barely resists.
The gnoll closely misses you. The gnoll sergeant barely misses you.
You sock the gnoll sergeant!
The gnoll sergeant is almost dead.
The gnoll hits you with a +0 whip.
* * * LOW HITPOINT WARNING * * *
The howler monkey hoots and howls with incredible vigour!
The gnoll sergeant hits you but does no damage.
As you read the scroll of teleportation, it crumbles to dust.
You feel strangely unstable. The gnoll hits you with a +0 whip.
* * * LOW HITPOINT WARNING * * *
The gnoll sergeant hits you with a +0 spear.
* * * LOW HITPOINT WARNING * * *
You hit the gnoll sergeant but do no damage.
The gnoll sergeant is almost dead.
The gnoll misses you.
The gnoll sergeant hits you with a +0 spear!
You die...

........# ......<... # #
............ ........ .# #
...........5 ... ... ..# #
...........# #.# #.###'# # #
...........# ∆#.# #g....##.. #
...## #.###......... # ...
#............. #
######.#########......... #
#.Z........#@gh.......... #
#......###.#g###.....##. #
#......# #.#.# #.############ ∆
#......###.#.###............#
###'###............))........#
#................#...........#
#................#...........#
#................##+####.....#
#+##......................#######


You could see a gnoll sergeant, a howler monkey and a gnoll.

Vanquished Creatures
  Grinder (D:4)
  2 water moccasins
  A sky beast (D:6)
  An ice beast (D:4)
  A black bear (D:5)
  2 necrophages
  2 ogres
  A centaur (D:5)
  A kobold brigand (D:5)
  2 scorpions (D:5)
  A jelly (D:6)
  A centaur zombie (D:6)
  2 bullfrog skeletons
  3 orc priests
  A centaur skeleton (D:5)
  A hound skeleton (D:4)
  A hound zombie (D:5)
  2 gnolls (D:6)
  2 howler monkey zombies
  6 adders
  A river rat (D:3)
  A shadow imp (D:5)
  A white imp (D:4)
  An adder zombie (D:5)
  6 worms
  9 dart slugs
  19 orcs
  4 ball pythons
  5 bats
  5 endoplasms
  2 giant cockroaches
  8 goblins
  9 hobgoblins
  7 jackals
  A quokka (D:2)
  4 frilled lizards
  17 kobolds
  6 rats
140 creatures vanquished.

Notes
Turn   | Place    | Note
-------+----------+-------------------------------------------
     0 | D:1      | themarg the Gnoll Wanderer began the quest for the Orb.
     0 | D:1      | themarg set off with the following items: a +0 falchion, a
                  | +0 helmet, a +0 robe; and the following spell memorised:
                  | Apportation; and the following spells available to
                  | memorise: Portal Projectile, Passage of Golubria
     0 | D:1      | Reached XP level 1. HP: 17/17 MP: 4/4
   205 | D:1      | Reached XP level 2. HP: 13/23 MP: 5/5
   440 | D:1      | Found a faded altar of an unknown god.
   832 | D:1      | Reached XP level 3. HP: 21/28 MP: 7/7
  1136 | D:2      | Found a glowing golden altar of the Shining One.
  1196 | D:2      | Identified the +5 flail of Psychosis {vorpal, rPois}
  1277 | D:2      | Reached skill level 1 in Invocations
  1760 | D:2      | Reached skill level 1 in Short Blades
  1760 | D:2      | Reached skill level 1 in Axes
  1760 | D:2      | Reached skill level 1 in Maces & Flails
  1760 | D:2      | Reached skill level 1 in Polearms
  1760 | D:2      | Reached skill level 1 in Staves
  1760 | D:2      | Reached skill level 1 in Slings
  1760 | D:2      | Reached skill level 1 in Bows
  1760 | D:2      | Reached skill level 1 in Crossbows
  1760 | D:2      | Reached skill level 1 in Throwing
  1760 | D:2      | Reached skill level 1 in Armour
  1760 | D:2      | Reached skill level 1 in Shields
  1760 | D:2      | Reached skill level 1 in Unarmed Combat
  1760 | D:2      | Reached skill level 1 in Evocations
  2093 | D:3      | Reached XP level 4. HP: 32/34 MP: 8/8
  2112 | D:3      | Reached skill level 1 in Conjurations
  2112 | D:3      | Reached skill level 1 in Hexes
  2112 | D:3      | Reached skill level 1 in Summonings
  2112 | D:3      | Reached skill level 1 in Necromancy
  2112 | D:3      | Reached skill level 1 in Transmutations
  2112 | D:3      | Reached skill level 1 in Fire Magic
  2112 | D:3      | Reached skill level 1 in Ice Magic
  2112 | D:3      | Reached skill level 1 in Air Magic
  2112 | D:3      | Reached skill level 1 in Earth Magic
  2112 | D:3      | Reached skill level 1 in Poison Magic
  2550 | D:3      | Reached XP level 5. HP: 40/40 MP: 9/9
  2833 | D:3      | Found a blossoming altar of Fedhas.
  3280 | D:4      | Noticed a necrophage
  3427 | D:4      | Found a radiant altar of Vehumet.
  3466 | D:4      | Reached XP level 6. HP: 47/47 MP: 10/10
  3576 | D:4      | Reached skill level 5 in Long Blades
  3619 | D:4      | Found a runed translucent gate.
  3619 | D:4      | Found a runed translucent gate.
  3619 | D:4      | Found an opulent altar of Gozag.
  3620 | D:4      | Found a runed translucent gate.
  3622 | D:4      | Noticed PoweredByGinger's ghost (amateur DsGl)
  3622 | D:4      | Noticed an orc warrior
  3997 | D:4      | Found a shimmering blue altar of Sif Muna.
  4099 | D:4      | Found a staircase to the Ecumenical Temple.
  4108 | Temple   | Entered the Ecumenical Temple
  4126 | Temple   | Became a worshipper of Hepliaklqana the Forgotten
  4321 | D:5      | Entered Level 5 of the Dungeon
  4321 | D:5      | Noticed a water moccasin
  4333 | D:4      | Killed a water moccasin
  4334 | D:4      | Reached XP level 7. HP: 32/52 MP: 12/12
  4467 | D:5      | Noticed Grinder
  4614 | D:5      | Paralysed by Grinder for 7 turns
  4842 | D:4      | Killed Grinder
  4843 | D:4      | Reached skill level 5 in Stealth
  5123 | D:5      | Reached XP level 8. HP: 60/60 MP: 14/14
  5434 | D:5      | Found a hide-covered altar of Uskayaw.
  5525 | D:5      | Noticed an angel
  5526 | D:5      | Found a glowing silver altar of Zin.
  5639 | D:5      | Found Kestreept's Antique Weapon Emporium.
  5657 | D:5      | Bought an iridescent flail for 255 gold pieces
  5657 | D:5      | Identified the +5 flail "Muiq" {vorpal, Int+2} (You bought
                  | it in a shop on level 5 of the Dungeon)
  6196 | D:5      | Found a bloodstained altar of Trog.
  6196 | D:5      | Found an iron altar of Okawaru.
  6243 | D:5      | Found an ornate altar of the Wu Jian Council.
  6299 | D:6      | Noticed Pikel
  6395 | D:6      | Found a runed translucent door.
  6432 | D:6      | Noticed Bearnado's ghost (novice MiBe)
  6747 | D:6      | Reached XP level 9. HP: 66/66 MP: 16/16
  7101 | D:6      | HP: 3/66 [gnoll sergeant (2)]
  7102 | D:6      | Mangled by a gnoll sergeant

Illustrated notes

Levels and vault maps discovered:
D:1:      onia_arrival_pyramid, layout_loops_ring,
          dreamdust_ecumenical_altar_statues
D:2:      layout_basic, basic_altar, minmay_door_square
D:3:      kennysheep_slugbush, layout_basic, overflow_temple_1_default,
          portal_sewer_entry_b
D:4:      layout_loops_ring, general_overflow_altar, led_sif_pool,
          minmay_temple_entry_fiery, ebering_ghost_gozag
D:5:      layout_loops_ring, grunt_temple_overflow_bloody_war, zin_angel,
          pdpol_wu_jian_five_deadly_venoms, nicolae_uskayaw_dance_hall,
          serial_shops, nicolae_shop_waterfront, uniq_grinder
D:6:      layout_gridville, ebering_ghost_sewer_d, minmay_misc_feat_cross,
          uniq_pikel
Temple:   corrupted_temple

Skill      XL: |  1  2  3  4  5  6  7  8 |
---------------+-------------------------+-----
Invocations    | 1 2 3 4 |  4.3
Short Blades   | 1 2 3 |  3.9
Axes           | 1 2 3 |  3.9
Maces & Flails | 1 2 3 |  3.9
Polearms       | 1 2 3 |  3.9
Staves         | 1 2 3 |  3.9
Slings         | 1 2 3 |  3.9
Bows           | 1 2 3 |  3.9
Crossbows      | 1 2 3 |  3.9
Throwing       | 1 2 3 |  3.9
Armour         | 1 2 3 |  3.9
Shields        | 1 2 3 |  3.9
Unarmed Combat | 1 2 3 |  3.9
Evocations     | 1 2 3 |  3.9
Spellcasting   | 3 4 |  4.9
Conjurations   | 1 2 3 |  3.2
Hexes          | 1 2 3 |  3.2
Summonings     | 1 2 3 |  3.2
Necromancy     | 1 2 3 |  3.2
Transmutations | 1 2 3 |  3.2
Fire Magic     | 1 2 3 |  3.2
Ice Magic      | 1 2 3 |  3.2
Air Magic      | 1 2 3 |  3.2
Earth Magic    | 1 2 3 |  3.2
Poison Magic   | 1 2 3 |  3.2
Fighting       | 3 4 |  4.7
Dodging        | 3 4 |  4.7
Long Blades    | 5 6 |  6.1
Stealth        | 5 |  5.8
Translocations | 6 |  6.4

Action                   |  1- 3 |  4- 6 |  7- 9 || total
-------------------------+-------+-------+-------++-------
Melee: Spear             |    59 |       |       ||    59
       Bite              |     7 |     7 |    23 ||    37
       Punch             |     2 |     2 |     8 ||    12
       Falchion          |     1 |       |       ||     1
       Flail             |    24 |   133 |   180 ||   337
 Cast: Apportation       |       |     4 |       ||     4
Evoke: Wand              |       |       |     2 ||     2
  Use: Scroll            |       |       |     7 ||     7
       Potion            |       |       |     6 ||     6
 Stab: Sleeping          |    12 |     3 |     2 ||    17
       Distracted        |     1 |     1 |       ||     2
Armor: Robe              |    10 |       |       ||    10
       Ring mail         |       |    34 |    74 ||   108
       Leather armour    |       |     1 |       ||     1
Dodge: Dodged            |    37 |    68 |   123 ||   228
